 Dungeon Crawl Stone Soup version 0.30.0-30-g96aa6591b8 (webtiles) character file.

Game seed: 15761076527438679629

677 Kaoy the Ruffian (level 7, -8/61 HPs)
             Began as a Minotaur Monk on June 27, 2023.
             Was a Believer of Makhleb.
             Mangled by an ice beast (11 damage)
             ... on level 5 of the Dungeon.
             The game lasted 00:23:59 (3154 turns).

Kaoy the Ruffian (Minotaur Monk)                    Turns: 3154, Time: 00:23:59

Health: -8/61      AC:  2    Str: 16    XL:     7   Next: 33%
Magic:  6/6        EV: 14    Int:  7    God:    Makhleb [**....]
Gold:   242        SH:  0    Dex: 14    Spells: 6/6 levels left

rFire   . .          .
                       - Unarmed
rCold   . . .        c - orb {light}
rNeg    . . .        a - +0 robe
rPois   .            (helmet restricted)
rElec   .            (no cloak)
rCorr   .            (no gloves)
SInv    .            (no boots)
Will    .....        (no amulet)
Stlth   +            (no ring)
HPRegen 0.30/turn    (no ring)
MPRegen 0.10/turn

%: no passive effects
@: glowing
A: horns 2, retaliatory headbutt
a: Renounce Religion, Minor Destruction


You were on level 5 of the Dungeon.
You worshipped Makhleb.
Makhleb was pleased with you.
You visited 2 branches of the dungeon, and saw 6 of its levels.

You collected 242 gold pieces.

Inventory:

Hand Weapons
 d - a +0 giant club
 s - a +0 sling
 v - a +0 sling
 x - a +0 hand axe of distortion
Missiles
 i - 41 stones (quivered)
 z - 17 poisoned darts
Armour
 a - a +0 robe (worn)
 c - an orb of light (worn)
Wands
 w - a wand of charming (3)
Scrolls
 e - a scroll of vulnerability {unknown}
 f - a scroll of noise {unknown}
 k - a scroll of enchant weapon {unknown}
 l - 4 scrolls of teleportation {unknown}
 p - 2 scrolls of fog {unknown}
 u - a scroll of blinking {unknown}
 y - a scroll of identify {unknown}
 A - a scroll of magic mapping {unknown}
 B - a scroll of fear {unknown}
 C - a scroll of brand weapon {unknown}
Potions
 g - 3 potions of mutation {unknown}
 h - a potion of heal wounds {unknown}
 j - 2 potions of might {unknown}
 m - a potion of attraction {unknown}
 n - a potion of magic {unknown}
 o - a potion of cancellation {unknown}
 q - a potion of brilliance {unknown}
 r - 2 potions of curing
 t - a potion of degeneration {unknown}


   Skills:
 * Level 5.1 Fighting
 * Level 5.2 Dodging
 + Level 0.8 Stealth
 * Level 7.6 Unarmed Combat
 * Level 0.8 Invocations


You had 6 spell levels left.
You didn't know any spells.
Your spell library contained the following spells:

 Spells                   Type           Power      Damage    Failure   Level
 Magic Dart               Conj           0%         1d3       43%         1
 Sandblast                Erth           0%         2d4       43%         1
 Scorch                   Fire           0%         2d5       56%         2
 Searing Ray              Conj           0%         2d4       56%         2
 Fulminant Prism          Conj/Hex       0%         3d5       99%         4
 Lehudib's Crystal Spear  Conj/Erth      0%         10d2      100%        8
 Shatter                  Erth           0%         3d5*      100%        9


Dungeon Overview and Level Annotations

Branches:
Dungeon (5/15)             Temple (1/1) D:4

Altars:
Dithmenos
Fedhas
Gozag
Makhleb
Nemelex Xobeh
Qazlal
Sif Muna
Uskayaw
Wu Jian
Xom
Yredelemnul
The Shining One

Shops:
D:1 ?(([


Innate Abilities, Weirdness & Mutations

You have a pair of horns on your head.
You reflexively headbutt those who attack you in melee.


Message History

The orc is moderately wounded.
The orc misses you. You furiously retaliate!
You headbutt the orc!
You kill the orc!
Makhleb accepts your kill.
You feel better. The ice beast hits you. The ice beast freezes you.
The iguana barely misses you.
You punch the iguana!
The iguana is heavily wounded.
The ice beast hits you. The ice beast freezes you.
The iguana completely misses you. You furiously retaliate!
You headbutt the iguana. You hit the iguana.
The iguana is severely wounded.
The ice beast hits you.
* * * LOW HITPOINT WARNING * * *
The ice beast freezes you!
* * * LOW HITPOINT WARNING * * *
The iguana misses you. You furiously retaliate!
You headbutt the iguana. The ice beast attacks as you move away!
The ice beast closely misses you.
Items here: ))) [[.
It was a potion of curing.
You feel better. The ice beast hits you.
* * * LOW HITPOINT WARNING * * *
The ice beast freezes you.
* * * LOW HITPOINT WARNING * * *
You feel better. The ice beast hits you.
* * * LOW HITPOINT WARNING * * *
The ice beast freezes you!
* * * LOW HITPOINT WARNING * * *
You barely miss the ice beast. The ice beast barely misses you.
You hit the ice beast but do no damage. You headbutt the ice beast.
The ice beast is lightly wounded.
The ice beast barely misses you.
You hit the ice beast but do no damage.
The ice beast is lightly wounded.
You barely miss the ice beast. Your headbutt misses the ice beast.
The ice beast is lightly wounded.
The ice beast hits you.
* * * LOW HITPOINT WARNING * * *
The ice beast freezes you!
You die...

..# ###...#
#.###.#....# .
##...#.....#..#..
#.#....#....#......
#..<..#...##......
#....#.###.#......
#...###...#...>#..
#.###.#....#.......
## #....@#....#..
#..†)#Y.......
#...##)....#..
#.###.......... ##
.......#.#
...........
............
.........^###
#..#.#......


You could see an ice beast.

Vanquished Creatures
  A black bear (D:4)
  3 phantoms
  A howler monkey (D:5)
  A hound (D:4)
  A jelly (D:5)
  4 iguanas
  5 adders
  An ufetubus (D:4)
  5 dart slugs
  17 orcs
  4 endoplasms
  2 giant cockroaches (D:1)
  11 goblins
  5 hobgoblins
  7 kobolds
  2 quokkas
  5 ball pythons
  5 bats
  3 frilled lizards
  6 rats
89 creatures vanquished.

Notes
Turn   | Place    | Note
-------+----------+-------------------------------------------
     0 | D:1      | Kaoy the Minotaur Monk began the quest for the Orb.
     0 | D:1      | Reached XP level 1. HP: 19/19 MP: 0/0
    55 | D:1      | Found Jaonas's Magic Scroll Emporium.
    93 | D:1      | Found Lyclaunn's Weapon Shop.
   133 | D:1      | Found a faded altar of an unknown god.
   170 | D:1      | Reached XP level 2. HP: 27/27 MP: 1/1
   258 | D:1      | Found Eliub's Weapon Shop.
   418 | D:1      | Got the Exposition on Felsic Causimancy
   451 | D:1      | Found Eceregiusa's Antique Armour Shop.
   828 | D:2      | Reached XP level 3. HP: 33/33 MP: 2/2
  1179 | D:2      | Reached skill level 4 in Unarmed Combat
  1620 | D:3      | Noticed a phantom
  1625 | D:3      | Reached XP level 4. HP: 40/40 MP: 3/3
  1653 | D:3      | Killed a phantom
  1654 | D:3      | Reached skill level 5 in Unarmed Combat
  1654 | D:3      | Reached XP level 5. HP: 14/47 MP: 4/4
  2336 | D:4      | Noticed a phantom
  2354 | D:4      | Killed a phantom
  2355 | D:4      | Reached XP level 6. HP: 45/53 MP: 5/5
  2394 | D:4      | Reached skill level 6 in Unarmed Combat
  2709 | D:4      | Found a staircase to the Ecumenical Temple.
  2715 | D:4      | Reached skill level 5 in Dodging
  2715 | D:4      | Reached skill level 7 in Unarmed Combat
  2715 | D:4      | Reached XP level 7. HP: 55/60 MP: 6/6
  2718 | Temple   | Entered the Ecumenical Temple
  2829 | Temple   | Became a worshipper of Makhleb the Destroyer
  2829 | Temple   | Reached * piety under Makhleb
  2829 | Temple   | Reached ** piety under Makhleb
  3092 | D:5      | Entered Level 5 of the Dungeon
  3111 | D:5      | Reached skill level 5 in Fighting
  3154 | D:5      | HP: 3/61 [ice beast (2)]
  3154 | D:5      | Mangled by an ice beast

Illustrated notes

Levels and vault maps discovered:
D:1:      nicolae_arrival_washed_ashore, layout_rooms, serial_shops, shop, shop,
          shop, shop, hellmonk_ecumenical_altar_zigzags
D:2:      layout_basic, guppyfry_early_orc_mine
D:3:      layout_basic, hangedman_decor_points
D:4:      layout_loops_corners, temple_green, minmay_close_crescents
D:5:      nicolae_BIG_FREAKIN_CUBE, layout_basic
Temple:   hc_temple_tempest_star

Skill      XL: |  1  2  3  4  5  6  7 |
---------------+----------------------+-----
Fighting       | 4 5 |  5.1
Unarmed Combat | 4 5 7 |  7.6
Dodging        | 4 5 |  5.2
Stealth        | |  0.8
Invocations    | |  0.8

Action                     |  1- 3 |  4- 6 |  7- 9 || total
---------------------------+-------+-------+-------++-------
  Melee: Unarmed           |    78 |    81 |    43 ||   202
         Headbutt          |    17 |    24 |    10 ||    51
 Invoke: Minor Destruction |       |       |     4 ||     4
    Use: Potion            |       |     1 |     2 ||     3
 Armour: Robe              |    13 |     4 |     1 ||    18
  Dodge: Dodged            |    51 |    58 |    32 ||   141
